 Dungeon Crawl Stone Soup version 0.31-a0-728-g01b46875f1 (webtiles) character file.

Game seed: 7882117834968193335

23 greenwhat the Chopper (level 2, 0/27 HPs)
             Began as a Hill Orc Monk on Sept 12, 2023.
             Slain by a gnoll
             ... wielding a +0 flail
              (7 damage)
             ... on level 1 of the Dungeon.
             The game lasted 00:06:09 (405 turns).

greenwhat the Chopper (Hill Orc Monk)                Turns: 405, Time: 00:06:09

Health: 0/27       AC:  2    Str: 13    XL:     2   Next: 95%
Magic:  2/2        EV: 12    Int: 10    God:
Gold:   16         SH:  0    Dex: 13    Spells: 1/1 levels left

rFire   . . .        a - +0 hand axe
rCold   . . .        d - orb {light}
rNeg    + . .        b - +0 robe
rPois   .            (no helmet)
rElec   .            (no cloak)
rCorr   .            (no gloves)
SInv    .            (no boots)
Will    .....        (no amulet)
Stlth   +            e - ring of positive energy
HPRegen 0.24/turn    (no ring)
MPRegen 0.08/turn

%: no passive effects
@: glowing
A: no striking features
a: no special abilities


You were on level 1 of the Dungeon.
You visited 1 branch of the dungeon, and saw 1 of its levels.

You collected 16 gold pieces.

Inventory:

Hand Weapons
 a - a +0 hand axe (weapon)
 l - a +0 dagger
 m - a +0 whip
Missiles
 f - 2 stones (quivered)
 j - 6 datura-tipped darts
Armour
 b - a +0 robe (worn)
 d - an orb of light (worn)
Jewellery
 e - a ring of positive energy (left hand)
Scrolls
 i - a scroll of teleportation {unknown}
 k - a scroll of identify {unknown}
Potions
 g - a potion of lignification {unknown}
 h - a potion of might {unknown}


   Skills:
 + Level 4.0 Fighting
 + Level 4.5 Axes
 + Level 2.8 Dodging


You had one spell level left.
You didn't know any spells.
Your spell library was empty.

Dungeon Overview and Level Annotations

Branches:
Dungeon (1/15)

Altars:


Message History

The endoplasm freezes you.
You are frozen.
The goblin misses you. The endoplasm hits you. The gnoll barely misses you.
The goblin hits you with a +0 dagger.
You closely miss the goblin.
The goblin is heavily wounded.
You barely miss the gnoll. You hit the endoplasm.
You kill the endoplasm!
The gnoll hits you with a +0 flail. The goblin barely misses you.
You barely miss the goblin.
The goblin is heavily wounded.
You hit the gnoll but do no damage. You hit the endoplasm.
The gnoll closely misses you. The endoplasm freezes you.
You are frozen.
The goblin hits you with a +0 dagger.
You hit the goblin.
You kill the goblin!
You hit the gnoll. You hit the endoplasm.
You kill the endoplasm!
The gnoll hits you with a +0 flail!
* * * LOW HITPOINT WARNING * * *
You are confused.
You feel invigorated. The gnoll completely misses you.
The frilled lizard closely misses you.
You feel less invigorated.
You feel less confused. The gnoll attacks as it pursues you!
The gnoll closely misses you. The gnoll attacks as it pursues you!
The gnoll hits you with a +0 flail!
* * * LOW HITPOINT WARNING * * *
You hit the gnoll.
The gnoll is heavily wounded.
The gnoll barely misses you.
You hit the gnoll.
The gnoll is severely wounded.
The gnoll barely misses you.
You hit the gnoll.
The gnoll is almost dead.
You hit the frilled lizard.
You kill the frilled lizard!
The gnoll hits you with a +0 flail!
You die...

#.........
#.........
#.........
#..)......
#.).......
#######'#####
#...........#
#.####.g†...#
#.# #.@....#
#.# #......#
#.# #......#
#.# #......#
#.# #......#
#.# #......#
#.# #......#
#.# #......#
#.####......#


You could see a gnoll.

Vanquished Creatures
  A dart slug (D:1)
  3 endoplasms (D:1)
  A giant cockroach (D:1)
  3 goblins (D:1)
  A hobgoblin (D:1)
  3 quokkas (D:1)
  A ball python (D:1)
  2 bats (D:1)
  A frilled lizard (D:1)
  3 kobolds (D:1)
19 creatures vanquished.

Notes
Turn   | Place    | Note
-------+----------+-------------------------------------------
     0 | D:1      | greenwhat the Hill Orc Monk began the quest for the Orb.
     0 | D:1      | Reached XP level 1. HP: 19/19 MP: 1/1
   176 | D:1      | Reached XP level 2. HP: 15/27 MP: 2/2
   398 | D:1      | HP: 1/27 [gnoll/+0 flail (13)]
   405 | D:1      | Slain by a gnoll

Illustrated notes

Levels and vault maps discovered:
D:1:      dpeg_arrival_rooms_c, layout_basic

Skill      XL: |  1  2 |
---------------+-------+-----
Fighting       | 4 |  4.0
Axes           | |  4.5
Dodging        | |  2.8

Action                     || total
---------------------------++-------
  Melee: Hand axe          ||    48
  Throw: Stone             ||     5
    Use: Potion            ||     1
 Armour: Robe              ||    27
  Dodge: Dodged            ||    42

Table legend: (Time is in decaauts)
 A = Elapsed time spent in this place.
 B = Non-inter-level travel time spent in this place.
 C = Inter-level travel time spent in this place.
 D = Time resting spent in this place.
 E = Time spent auto-exploring this place.
 F = Levels seen in this place.
 G = Mean time per level.
                   A        B        C        D        E       F      G
               +--------+--------+--------+--------+--------+-----+--------+
         Total |    409 |    401 |      8 |      0 |      0 |   1 |  409.0 |
       Dungeon |    409 |    401 |      8 |      0 |      0 |   1 |  409.0 |
               +--------+--------+--------+--------+--------+-----+--------+

Top non-repeatable levels by time:
     D:1: 409 daAuts
